 Dungeon Crawl Stone Soup version 0.18.1-6-gd335043 (webtiles) character file.

15078 manyhoops the Grappler (level 11, -2/130 HPs)
             Began as a Demonspawn Gladiator on May 18, 2016.
             Was the Champion of Okawaru.
             Slain by a yak (10 damage)
             ... on level 3 of the Lair of Beasts.
             The game lasted 00:25:46 (10941 turns).

manyhoops the Grappler (Demonspawn Gladiator)      Turns: 10941, Time: 00:25:47

Health: -2/130     AC: 25    Str: 19    XL:     11   Next: 97%
Magic:  10/16      EV:  2    Int: 11    God:    Okawaru [******]
Gold:   589        SH:  0    Dex: 19    Spells: 0 memorised, 10 levels left

rFire  . . .     SeeInvis .       - Unarmed
rCold  . . .     Gourm    .     (armour currently unavailable)
rNeg   + + +     Faith    .     (no shield)
rPois  +         Spirit   .     (helmet currently unavailable)
rElec  .         Dismiss  .     (cloak currently unavailable)
rCorr  .         Reflect  .     (gloves currently unavailable)
SustAt .         Harm     .     (boots currently unavailable)
MR     .....     NoTele   +     A - amulet of rage
Stlth  +++++++++.               Q - ring of stealth
                                j - +5 ring of dexterity

@: tree-form, heroism, finesse, not resistant to hostile enchantments,
incredibly stealthy
A: (claws 0), (hooves 0), (horns 0), clever 1, nightstalker 2, powered by death
1
a: Heroism, Finesse, Renounce Religion, Evoke Berserk Rage


You were on level 3 of the Lair of Beasts.
You worshipped Okawaru.
Okawaru was exalted by your worship.
You were not hungry.
You were a tree.
You visited 2 branches of the dungeon, and saw 13 of its levels.

You collected 589 gold pieces.

Inventory:

Hand Weapons
 D - a +2 falchion
 G - a +6 flail
Missiles
 d - 4 throwing nets (quivered)
Armour
 e - a +2 cloak (melded)
 p - the +3 scale mail of the Sea (melded) {Regen+}
   (You found it on level 1 of the Lair of Beasts)

   It increases your rate of regeneration.
 S - a +2 scale mail of fire resistance
Rods
 T - a +0 rod of shadows (9/9)
   (You found it on level 2 of the Lair of Beasts)
Jewellery
 j - a +5 ring of dexterity (left branch)
 k - an uncursed ring of sustain attributes
 z - an uncursed ring of resist corrosion
 A - an amulet of rage (around neck)
 Q - a ring of stealth (right branch)
 U - an uncursed ring of see invisible
Wands
 a - a wand of flame (34/48)
 m - a wand of flame (11/48)
 F - a wand of slowing (13/48)
 L - a wand of polymorph (4/24)
 M - a wand of digging (19/24)
 O - a wand of paralysis (5/24)
Scrolls
 c - a scroll of fear {unknown}
 l - 2 scrolls of remove curse
 o - a scroll of enchant armour
 t - 2 scrolls of recharging
 y - 3 scrolls of amnesia
 B - a scroll of fog
 K - a scroll of random uselessness {unknown}
 P - 2 scrolls of enchant weapon
 R - 2 scrolls of teleportation
Potions
 b - a potion of cancellation
 g - a potion of berserk rage {unknown}
 i - 3 potions of flight
 n - a potion of might
 q - 4 potions of lignification
 u - a potion of agility
 v - a potion of degeneration
 x - 2 potions of resistance
 E - a potion of brilliance
Books
 C - a Fen Folio

   Spells                             Type                      Level
   a - Corpse Rot                     Necromancy                   2
   b - Stone Arrow                    Conjuration/Earth            3
   c - Leda's Liquefaction            Hexes/Earth                  4
   d - Summon Forest                  Summoning/Translocation      5
   e - Hydra Form                     Transmutation                6
   f - Summon Hydra                   Summoning                    7
Miscellaneous
 N - a fan of gales
Comestibles
 f - 10 bread rations
 h - 2 meat rations
 r - 10 slices of pizza
 s - 5 fruits
 H - a royal jelly
 I - 2 beef jerkies
 V - 14 chunks of flesh


   Skills:
 + Level 8.6(13.6) Fighting
   Level 3.4(8.4) Axes
 - Level 1.7(6.7) Throwing
 - Level 7.7(12.7) Armour
 * Level 5.2(10.2) Dodging
 * Level 3.2(8.2) Stealth
 * Level 11.6(16.6) Unarmed Combat
 - Level 7.6 Invocations


You had 10 spell levels left.
You didn't know any spells.

Dungeon Overview and Level Annotations

Branches:
Dungeon (10/15)            Temple (0/1) D:6            Lair (3/8) D:8
 Shoals (0/4) Lair:3
  Snake: Lair:3-6    Spider: Lair:3-6       Orc: D:9-12

Altars:
Ashenzari
Cheibriados
Dithmenos
Gozag
Nemelex Xobeh
Okawaru
Trog

Shops:
D:4 }   D:8 [   D:9 =}

Annotations:
D:3 Sigmund
D:5 HungrySpirit's ghost, novice OpTm


Innate Abilities, Weirdness & Mutations

((You have sharp fingernails.))
((You have hoof-like feet.))
((You have a pair of small horns on your head.))
You are significantly more attuned to the shadows.
You regenerate a little health from kills.
Your mind is acute. (Int +2)


Message History

* * * LOW HITPOINT WARNING * * *
You pummel the yak!!
You kill the yak!
Okawaru accepts your kill. The yak gores you.
* * * LOW HITPOINT WARNING * * *
You thrash the yak!!!
You kill the yak!
Okawaru accepts your kill.
You closely miss the river rat. The yak gores you.
* * * LOW HITPOINT WARNING * * *
The yak gores you but does no damage.
You pummel the yak!!
The yak is severely wounded.
The yak gores you but does no damage.
You hit the yak but do no damage.
The yak is severely wounded.
The river rat bites you but does no damage.
The yak gores you!
You die...

########## ##
##.##..P..#####
.####.............###
..##.....P.>.....Y.(#
.........P..#.P†♣Yr#
...#...###P#####Yr....
.###..## ### ##r...#
.#.PP.# ..### .......
.## .###..P# .# ..#
.### ...#


You could see 3 yaks and 3 river rats.

Vanquished Creatures
  Snorg (Lair:3)
  2 hydras
  2 hill giants (D:10)
  A griffon (Lair:3)
  A manticore (Lair:3)
  2 black mambas
  A komodo dragon (Lair:1)
  2 spiny frogs (Lair:2)
  A rime drake (Lair:2)
  4 blink frogs (Lair:2)
  20 yaks
  A human (D:8)
  3 hippogriffs
  2 water moccasins
  4 porcupines
  2 orc warriors
  2 ice beasts
  2 sky beasts
  A wasp (D:7)
  3 black bears
  2 phantoms
  3 ogres
  4 centaurs
  2 crocodiles
  Blork the orc (D:5)
  12 giant frogs
  2 scorpions (D:8)
  A water moccasin skeleton (D:5)
  3 killer bees
  3 wights (D:6)
  3 howler monkeys
  3 crimson imps
  2 orc priests (D:7)
  3 hounds
  4 jellies (D:9)
  6 orc wizards
  A giant frog skeleton (D:5)
  3 iguanas
  Jessica (D:3)
  6 worker ants
  11 sheep
  3 hound skeletons
  20 adders
  5 gnolls
  14 river rats
  2 shadow imps
  An ooze (D:5)
  2 adder skeletons
  2 adder zombies
  4 worms
  3 dart slugs
  6 giant geckos
  21 orcs
  8 bats
  6 giant cockroaches
  9 goblins
  4 hobgoblins
  12 jackals
  6 quokkas
  A ball python skeleton (D:4)
  A giant cockroach zombie (D:4)
  3 giant newts
  8 kobolds
  2 quokka zombies
  3 rats
279 creatures vanquished.

Vanquished Creatures (others)
  A plant (Lair:2)
1 creature vanquished.

Grand Total: 280 creatures vanquished

Notes
Turn   | Place    | Note
--------------------------------------------------------------
     0 | D:1      | manyhoops the Demonspawn Gladiator began the quest for the Orb.
     0 | D:1      | Reached XP level 1. HP: 16/16 MP: 1/1
    61 | D:1      | Gained mutation: You have sharp fingernails. [demonic ancestry]
    61 | D:1      | Reached XP level 2. HP: 19/22 MP: 2/2
   763 | D:2      | Gained mutation: You have large cloven feet. [demonic ancestry]
   763 | D:2      | Reached XP level 3. HP: 20/28 MP: 3/3
  1082 | D:2      | Reached skill level 1 in Unarmed Combat
  1109 | D:2      | Reached skill level 1 in Armour
  1305 | D:2      | Gained mutation: You have hoof-like feet. [demonic ancestry]
  1305 | D:2      | Reached XP level 4. HP: 18/34 MP: 4/4
  1718 | D:2      | Found an iron altar of Okawaru.
  1932 | D:2      | Became a worshipper of Warmaster Okawaru
  2244 | D:3      | Reached skill level 2 in Unarmed Combat
  2251 | D:3      | Reached XP level 5. HP: 26/41 MP: 5/5
  2265 | D:3      | Found a shattered altar of Ashenzari.
  2340 | D:3      | Noticed Jessica
  2370 | D:3      | Killed Jessica
  2614 | D:3      | Noticed Sigmund
  3067 | D:4      | Found Kezin's Gadget Emporium.
  3116 | D:4      | Reached skill level 3 in Unarmed Combat
  3157 | D:4      | Noticed a phantom
  3258 | D:4      | Reached * piety under Okawaru
  3258 | D:4      | Reached XP level 6. HP: 47/47 MP: 6/6
  3505 | D:4      | Reached skill level 4 in Unarmed Combat
  3530 | D:4      | Gained mutation: You regenerate a little health from kills. [demonic ancestry]
  3530 | D:4      | Reached XP level 7. HP: 28/53 MP: 7/7
  3876 | D:5      | Entered Level 5 of the Dungeon
  3947 | D:5      | Reached skill level 5 in Unarmed Combat
  3983 | D:5      | Gained mutation: Your mind is acute. (Int +2) [potion of beneficial mutation]
  4027 | D:5      | Reached ** piety under Okawaru
  4146 | D:5      | Noticed Blork the orc
  4147 | D:5      | Noticed HungrySpirit's ghost (novice OpTm)
  4179 | D:5      | Killed Blork the orc
  4244 | D:5      | Found a shadowy altar of Dithmenos.
  4520 | D:6      | Found a snail-covered altar of Cheibriados.
  4530 | D:6      | Reached skill level 1 in Invocations
  4530 | D:6      | Gained mutation: You are slightly more attuned to the shadows. [demonic ancestry]
  4530 | D:6      | Reached XP level 8. HP: 47/61 MP: 8/8
  4629 | D:6      | Found a bloodstained altar of Trog.
  4643 | D:6      | Reached skill level 6 in Unarmed Combat
  5197 | D:6      | Found a staircase to the Ecumenical Temple.
  5591 | D:7      | Reached skill level 5 in Fighting
  5620 | D:7      | Reached *** piety under Okawaru
  5718 | D:7      | Reached skill level 5 in Armour
  5730 | D:7      | Reached skill level 7 in Unarmed Combat
  5843 | D:7      | Gained mutation: You have a pair of small horns on your head. [demonic ancestry]
  5843 | D:7      | Reached XP level 9. HP: 43/68 MP: 11/11
  6837 | D:8      | Found Ivang's Armour Emporium.
  7149 | D:8      | Reached **** piety under Okawaru
  7149 | D:8      | Reached skill level 8 in Unarmed Combat
  7152 | D:8      | Found a staircase to the Lair.
  7348 | D:8      | Reached skill level 5 in Invocations
  7455 | D:8      | Found a shadowy altar of Dithmenos.
  7817 | D:9      | Found Cogh's Gadget Boutique.
  7892 | D:9      | Reached XP level 10. HP: 76/76 MP: 12/14
  8156 | D:9      | Reached skill level 9 in Unarmed Combat
  8171 | D:9      | Found Doclin's Jewellery Shop.
  8450 | D:9      | Found an opulent altar of Gozag.
  8579 | D:9      | Found a sparkling altar of Nemelex Xobeh.
  8624 | D:10     | Entered Level 10 of the Dungeon
  8624 | D:10     | Noticed a hill giant
  8629 | D:10     | Killed a hill giant
  8656 | D:10     | Noticed a hill giant
  8664 | D:10     | Killed a hill giant
  8664 | D:10     | Reached ***** piety under Okawaru
  8919 | Lair:1   | Entered Level 1 of the Lair of Beasts
  8919 | Lair:1   | Noticed a black mamba
  8929 | Lair:1   | Killed a black mamba
  8933 | Lair:1   | Reached skill level 10 in Unarmed Combat
  9093 | Lair:1   | Got a crude scale mail
  9111 | Lair:1   | Identified the +3 scale mail of the Sea {Regen+} (You found it on level 1 of the Lair of Beasts)
  9193 | Lair:1   | Gained mutation: You are significantly more attuned to the shadows. [demonic ancestry]
  9193 | Lair:1   | Reached XP level 11. HP: 43/84 MP: 13/16
  9880 | Lair:2   | HP: 6/126 [iguana (4)]
  9886 | Lair:2   | HP: 2/127 [blink frog (4)]
  9897 | Lair:2   | HP: 3/129 [blink frog (10)]
 10094 | Lair:2   | Received a gift from Okawaru
 10248 | Lair:2   | Reached skill level 1 in Stealth
 10254 | Lair:2   | Noticed a six-headed hydra
 10348 | Lair:2   | Killed a six-headed hydra
 10348 | Lair:2   | Reached skill level 11 in Unarmed Combat
 10424 | Lair:2   | Reached ****** piety under Okawaru
 10741 | Lair:3   | Noticed Snorg
 10764 | Lair:3   | Killed Snorg
 10764 | Lair:3   | Received a gift from Okawaru
 10813 | Lair:3   | Noticed a seven-headed hydra
 10820 | Lair:3   | Killed a seven-headed hydra
 10824 | Lair:3   | Reached skill level 5 in Dodging
 10825 | Lair:3   | Noticed a griffon
 10825 | Lair:3   | Found a staircase to the Shoals.
 10832 | Lair:3   | Killed a griffon
 10941 | Lair:3   | Slain by a yak

Skill      XL: |  1  2  3  4  5  6  7  8  9 10 11 |
---------------+----------------------------------+-----
Axes           | 3 |  3.4
Unarmed Combat | 1 2 3 4 5 7 8 10 11 | 11.6
Armour         | 1 2 3 5 6 7 |  7.7
Fighting       | 3 4 5 6 7 8 |  8.6
Invocations    | 1 3 5 7 |  7.6
Dodging        | 5 |  5.2
Stealth        | 3 |  3.2
Throwing       | |  1.7

Action                   |  1- 3 |  4- 6 |  7- 9 | 10-12 || total
-------------------------+-------+-------+-------+-------++-------
Melee: War axe           |    56 |       |       |       ||    56
       Unarmed           |   104 |   294 |   431 |   336 ||  1165
       Kick              |    16 |    75 |   168 |   124 ||   383
       Punch             |       |     2 |    12 |    22 ||    36
       Headbutt          |       |       |    49 |    83 ||   132
Invok: Heroism           |       |       |     2 |     8 ||    10
       Finesse           |       |       |       |     1 ||     1
  Use: Scroll            |     6 |     2 |    10 |     7 ||    25
       Potion            |     1 |     1 |     1 |    10 ||    13
 Stab: Sleeping          |       |       |       |     6 ||     6
       Distracted        |       |       |       |     1 ||     1
  Eat: Chunk             |     1 |     8 |    14 |    11 ||    34
Armor: Leather armour    |    14 |       |       |       ||    14
       Ring mail         |    37 |       |       |       ||    37
       Plate armour      |    54 |   234 |   319 |   108 ||   715
       Scale mail        |       |       |       |    51 ||    51
       Skin              |       |       |       |    33 ||    33
Dodge: Dodged            |   101 |    89 |   168 |   166 ||   524
